 Dungeon Crawl Stone Soup version 0.31-a0-521-gc7390f8997 (webtiles) character file.

Game seed: 13241699468872177700

17713 mopl the Mimic (level 12, -5/81 HPs)
             Began as an Octopode Shapeshifter on Aug 9, 2023.
             Was a Believer of Uskayaw.
             Slain by a +2 spectral giant club (17 damage)
             ... created by Erolcha
             ... on level 10 of the Dungeon on Aug 10, 2023.
             The game lasted 00:17:10 (10843 turns).

mopl the Mimic (Octopode Shapeshifter)             Turns: 10843, Time: 00:17:10

Health: -5/81      AC:  9    Str: 15    XL:     12   Next: 50%
Magic:  16/16      EV: 17    Int: 11    God:    Uskayaw [**....]
Gold:   48         SH:  5    Dex: 16    Spells: 11/11 levels left

rFire   . .          .
                       - Unarmed
rCold   + . .        (no shield)
rNeg    . . .        (helmet currently unavailable)
rPois   .            N - amulet of reflection
rElec   .            B - ring of the Tortoise {AC+8}
rCorr   .            H - +4 ring of slaying
SInv    .            P - ring of protection from cold
Will    .....        (no ring)
Stlth   ++           (no ring)
HPRegen 0.33/turn    (no ring)
MPRegen 0.15/turn    (no ring)
                     (no ring)

%: reflection
@: beast-form
A: beast (slay +4), almost no armour, amphibious, 8 rings, camouflage 1,
gelatinous body 1, (nimble swimmer 1), tentacles
a: Begin Untransformation, Renounce Religion, Stomp, Line Pass


You were on level 10 of the Dungeon.
You worshipped Uskayaw.
Uskayaw was noncommittal.
You were a hulking beast.
You visited 2 branches of the dungeon, and saw 11 of its levels.
You also visited: Bailey.

You collected 669 gold pieces.
You spent 621 gold pieces at shops.

Inventory:

Missiles
 m - 37 boomerangs (quivered)
 t - 4 curare-tipped darts
 y - 2 throwing nets
 A - 9 poisoned darts
Magical Staves
 u - a staff of poison
 z - a staff of fire
Jewellery
 B - the ring of the Tortoise (left tentacle) {AC+8}
   (You found it on level 6 of the Dungeon)

   [ring of protection]

   AC+8:      It affects your AC (+8).
 E - a ring of flight
 H - a +4 ring of slaying (right tentacle)
 N - an amulet of reflection (around mantle)
 P - a ring of protection from cold (on tentacle)
Talismans
 b - a beast talisman (active)
 c - a flux talisman
Wands
 x - a wand of charming (2)
 F - a wand of flame (50)
 I - a wand of polymorph (8)
 O - a wand of roots (2)
Scrolls
 d - 2 scrolls of amnesia
 i - 2 scrolls of identify {unknown}
 k - 3 scrolls of noise {unknown}
 p - 3 scrolls of immolation
 q - 5 scrolls of teleportation
 r - a scroll of acquirement {unknown}
 v - 2 scrolls of fog {unknown}
 w - 4 scrolls of revelation
 C - 2 scrolls of fear {unknown}
 D - a scroll of poison {unknown}
 K - a scroll of enchant armour {unknown}
Potions
 a - 3 potions of lignification {!q}
 e - 3 potions of haste
 f - a potion of berserk rage {unknown}
 h - a potion of degeneration {unknown}
 j - 7 potions of curing
 l - 6 potions of heal wounds
 n - a potion of might {unknown}
 o - 3 potions of mutation {!q}
 s - 4 potions of brilliance
 G - a potion of resistance {unknown}
 J - 2 potions of magic {unknown}
 L - 2 potions of invisibility {unknown}
 M - 4 potions of enlightenment {unknown}
 Q - 3 potions of ambrosia
 R - a potion of cancellation {unknown}
Miscellaneous
 g - a box of beasts


   Skills:
 + Level 7.1 Fighting
 - Level 5.0 Throwing
 + Level 7.3 Dodging
 * Level 10.3 Unarmed Combat
 + Level 6.3 Invocations
 + Level 0.1 Evocations
 * Level 10.7 Shapeshifting


You had 11 spell levels left.
You didn't know any spells.
Your spell library contained the following spells:

 Spells                   Type           Power      Damage    Failure   Level
 Freeze                   Ice            0%         1d3       34%         1
 Cigotuvi's Dreadful Rot  Necr/Pois/Air  0%         N/A       47%         2
 Frozen Ramparts          Ice            0%         1d1       71%         3
 Hailstorm                Conj/Ice       0%         3d3       71%         3
 Ignite Poison            Fire/Tmut/Pois 0%         N/A       71%         3
 Freezing Cloud           Conj/Ice/Air   0%         6-21      100%        5


Dungeon Overview and Level Annotations

Branches:
Dungeon (10/15)            Temple (1/1) D:4            Lair (0/5) D:9
 Bailey (visited)
    Orc: D:9-12

Altars:
Ashenzari
Cheibriados
Dithmenos
Elyvilon
Fedhas
Gozag
Hepliaklqana
Kikubaaqudgha
Makhleb
Nemelex Xobeh
Okawaru
Qazlal
Ru
Sif Muna
Trog
Uskayaw
Vehumet
Wu Jian
Xom
Yredelemnul
Zin
The Shining One

Shops:
D:7 (   D:9 !   D:10 ?

Portals:
Trove: D:10 (give 6 scrolls of fog)

Annotations:
D:2 1 runed translucent door
D:8 dig
D:10 Erolcha


Innate Abilities, Weirdness & Mutations

You are a hulking beast.
Your limbs bulge with bestial killing power. (Slay +4)
You cannot wear most types of armour.
You are amphibious.
You can wear up to eight rings at the same time.
Your skin changes colour to match your surroundings (Stealth+).
Your rubbery body absorbs attacks. (AC +1, EV +1)
((You are camouflaged when in or above water. (Stealth+)))
You have tentacles for arms and can constrict up to eight enemies at once.


Message History

The troll barely misses you. The troll claws you but does no damage.
The troll completely misses you.
You tentacle-slap the troll. You squeeze the troll.
The troll is heavily wounded.
The troll bites you! The troll misses you. The troll completely misses you.
You tentacle-slap the troll.
The troll is severely wounded.
The troll misses you. The troll claws you. You block the troll's attack.
You can now pass through a line of other dancers.
You tentacle-slap the troll but do no damage.
You squeeze the troll!
The troll is almost dead.
You bludgeon the troll!
You kill the troll!
No target in view!
Found 20 gold pieces.
R - a glowing green potion You start resting.
HP restored.
There is a portal to a secret trove of treasure here.
You now have 48 gold pieces (gained 20).
j - 7 potions of curing (gained 2) Erolcha the Cunning comes into view.
She is wielding a +2 spectral giant club and wearing a +2 robe of fire resistance.
You catch the helpless Erolcha completely off-guard!
You bludgeon Erolcha! You squeeze Erolcha!
Erolcha is heavily wounded.
Erolcha barely misses you. The +2 spectral giant club hits you!
A +2 spectral giant club comes into view.
You bludgeon Erolcha!
Erolcha is severely wounded.
You can now pass through a line of other dancers.
You barely miss Erolcha. You squeeze Erolcha, but do no damage.
Erolcha is severely wounded.
Erolcha closely misses you. The +2 spectral giant club hits you!!
You batter Erolcha!! Your squeeze misses Erolcha.
Erolcha is almost dead.
Erolcha hits you with a +2 spectral giant club!!!
* * * LOW HITPOINT WARNING * * *
The +2 spectral giant club hits you!
You die...

###########.#..#...#.#.#..# #.#
.......8#..(>..######.##..# #.#
..8.....#.###.## #.#...###.###
#####...#.# #.# #............
..⌠.#...#.# #.# ###....######
#⌠∩⌠#8..'.# #.# #.#........
#.⌠.#...#####.#########....######
#####...#................#.#
..8.....#####..(h#########.#
.......8#......O....# #.#
#########.######)##.# #.# #)##.#
#.# #### #)##.# #.# #... #.##.#
#.# #.## # .######)##.######.#
#.# # ..................# #.# #
.######†##.######## #.#


You could see Erolcha and a +2 spectral giant club (wandering).

Vanquished Creatures
  An orc warlord (Bailey)
  A two-headed ogre (D:9)
  An orc knight (Bailey)
  An unseen horror (D:9)
  Psyche (D:9)
  Prince Ribbit (D:7)
  2 trolls
  Grinder (D:3)
  Sigmund (D:3)
  2 shadows (D:10)
  9 yaks
  3 wyverns
  A steam dragon (D:9)
  4 vampire mosquitoes (D:10)
  An acid dragon (D:10)
  2 water moccasins
  2 ice beasts
  5 orc warriors
  3 black bears
  3 sky beasts
  A phantom (D:6)
  5 centaurs
  3 kobold brigands
  5 bullfrogs
  3 scorpions
  8 wights
  32 killer bees (D:8)
  A howler monkey (D:4)
  2 jellies
  4 orc priests
  A gnoll bouda (D:7)
  4 iguanas
  Natasha (thrice) (D:3)
  8 orc wizards
  2 sleepcaps (D:6)
  Robin (D:2)
  9 gnolls
  11 adders
  A shadow imp (D:7)
  3 ufetubi (D:4)
  2 worms
  2 dart slugs
  27 orcs
  10 ball pythons
  5 bats
  7 endoplasms
  8 giant cockroaches
  22 goblins
  20 hobgoblins
  9 jackals
  33 kobolds
  2 quokkas
  4 frilled lizards
  5 rats
308 creatures vanquished.

Vanquished Creatures (others)
  A yak (D:9)
1 creature vanquished.

Grand Total: 309 creatures vanquished

Notes
Turn   | Place    | Note
-------+----------+-------------------------------------------
     0 | D:1      | mopl the Octopode Shapeshifter began the quest for the Orb.
     0 | D:1      | Reached XP level 1. HP: 13/13 MP: 1/1
    61 | D:1      | Reached XP level 2. HP: 18/18 MP: 2/2
   403 | D:1      | Reached XP level 3. HP: 23/23 MP: 3/3
   978 | D:2      | Noticed Robin
   983 | D:2      | Reached XP level 4. HP: 27/28 MP: 4/4
  1009 | D:2      | Killed Robin
  1666 | D:2      | Found a runed translucent door.
  1784 | D:3      | Reached skill level 4 in Unarmed Combat
  1896 | D:3      | Reached skill level 2 in Fighting
  1896 | D:3      | Reached XP level 5. HP: 14/34 MP: 5/5
  2035 | D:3      | Noticed Sigmund
  2048 | D:3      | Killed Sigmund
  2049 | D:3      | Reached skill level 3 in Dodging
  2049 | D:3      | Reached skill level 4 in Shapeshifting
  2049 | D:3      | Reached XP level 6. HP: 17/41 MP: 6/6
  2323 | D:3      | Noticed Grinder
  2363 | D:3      | Killed Grinder
  2364 | D:3      | Reached skill level 5 in Unarmed Combat
  2364 | D:3      | Reached XP level 7. HP: 38/45 MP: 7/7
  2384 | D:3      | Noticed Natasha
  2392 | D:3      | Killed Natasha
  2393 | D:3      | Reached skill level 3 in Fighting
  2790 | D:3      | Noticed Natasha
  2797 | D:3      | Killed Natasha
  2893 | D:3      | Noticed Natasha
  2897 | D:3      | Killed Natasha
  3703 | D:4      | Reached skill level 5 in Shapeshifting
  4026 | D:4      | Found a staircase to the Ecumenical Temple.
  4082 | Temple   | Entered the Ecumenical Temple
  4102 | Temple   | Became a worshipper of Uskayaw the Reveller
  4214 | D:4      | Found a white marble altar of Elyvilon.
  4331 | D:4      | Reached * piety under Uskayaw
  4332 | D:4      | Reached ** piety under Uskayaw
  4384 | D:5      | Entered Level 5 of the Dungeon
  4431 | D:5      | Reached XP level 8. HP: 44/52 MP: 8/8
  4433 | D:5      | Reached skill level 6 in Unarmed Combat
  4439 | D:5      | Reached *** piety under Uskayaw
  4477 | D:5      | Reached skill level 4 in Dodging
  4897 | D:5      | Reached skill level 1 in Invocations
  5043 | D:5      | Identified the +4 mace of Kobbyuwu {protect, Int+2}
  5435 | D:6      | Reached skill level 4 in Fighting
  5435 | D:6      | Reached skill level 2 in Invocations
  5441 | D:6      | Found the ring of the Tortoise {AC+8}
  5509 | D:6      | Reached **** piety under Uskayaw
  5511 | D:6      | Reached ***** piety under Uskayaw
  5762 | D:6      | Found a broken altar of Ashenzari.
  5796 | D:6      | Reached skill level 7 in Unarmed Combat
  5796 | D:6      | Reached skill level 6 in Shapeshifting
  5796 | D:6      | Reached XP level 9. HP: 55/58 MP: 10/10
  5932 | D:6      | Found a basalt altar of Yredelemnul.
  5932 | D:6      | Found a stormy altar of Qazlal.
  6440 | D:7      | Found Acouky's Weapon Shoppe.
  6552 | D:7      | Reached skill level 3 in Invocations
  6709 | D:7      | Reached skill level 5 in Dodging
  6822 | D:7      | Noticed Prince Ribbit
  6828 | D:7      | Killed Prince Ribbit
  6888 | D:8      | Upgraded the game from 0.31-a0-507-gbafd7f5274 to
                  | 0.31-a0-521-gc7390f8997
  6950 | D:8      | Reached skill level 5 in Fighting
  7118 | D:8      | Reached skill level 8 in Unarmed Combat
  7132 | D:8      | Reached skill level 4 in Invocations
  7132 | D:8      | Reached ****** piety under Uskayaw
  7140 | D:8      | Reached skill level 7 in Shapeshifting
  7148 | D:8      | Reached XP level 10. HP: 19/66 MP: 13/13
  7493 | D:8      | Reached skill level 6 in Dodging
  7499 | D:8      | Identified the amulet of Yloqoen {Faith Int+5}
  7972 | D:8      | Identified the +1 hand axe of Honour {heavy, rPois rC-
                  | Str+3 Int+3}
  8302 | D:9      | Found a flagged portal.
  8329 | Bailey   | Entered a bailey
  8359 | Bailey   | Noticed an orc warlord
  8404 | Bailey   | Noticed an orc knight
  8437 | Bailey   | Killed an orc knight
  8438 | Bailey   | Reached skill level 6 in Fighting
  8438 | Bailey   | Reached skill level 9 in Unarmed Combat
  8438 | Bailey   | Reached skill level 5 in Invocations
  8638 | Bailey   | Found a runed translucent gate.
  8641 | Bailey   | Found a runed translucent gate.
  8642 | Bailey   | Found a runed translucent gate.
  8866 | Bailey   | Killed an orc warlord
  8867 | Bailey   | Reached skill level 8 in Shapeshifting
  8949 | Bailey   | Reached skill level 5 in Throwing
  8949 | Bailey   | Reached skill level 10 in Shapeshifting
  8949 | Bailey   | Reached XP level 11. HP: 72/72 MP: 15/15
  9226 | D:9      | Reached XP level 12. HP: 80/80 MP: 16/16
  9400 | D:9      | Noticed Psyche
  9560 | D:9      | Killed Psyche
  9904 | D:9      | Found a staircase to the Lair.
  9931 | D:9      | Found Gexzeps's Distillery.
  9935 | D:9      | Bought a potion of attraction for 51 gold pieces
  9935 | D:9      | Bought a potion of heal wounds for 85 gold pieces
  9935 | D:9      | Bought a potion of heal wounds for 85 gold pieces
  9935 | D:9      | Bought a potion of ambrosia for 136 gold pieces
  9935 | D:9      | Bought a potion of mutation for 136 gold pieces
  9935 | D:9      | Bought a potion of brilliance for 68 gold pieces
 10002 | D:9      | Noticed a two-headed ogre
 10008 | D:9      | Killed a two-headed ogre
 10009 | D:9      | Reached skill level 7 in Dodging
 10009 | D:9      | Reached skill level 10 in Unarmed Combat
 10020 | D:10     | Entered Level 10 of the Dungeon
 10181 | D:10     | Reached skill level 6 in Invocations
 10340 | D:10     | Reached skill level 7 in Fighting
 10600 | D:10     | Found The Oracle's Delphic Readings.
 10704 | D:10     | Bought a scroll of immolation for 60 gold pieces
 10725 | D:10     | Found a portal to a secret trove of treasure.
 10838 | D:10     | Noticed Erolcha
 10843 | D:10     | Slain by a +2 spectral giant club

Illustrated notes

Levels and vault maps discovered:
D:1:      beargit_arrival_greenhouse, layout_basic, serial_bayou,
          serial_bayou_lagoon_b, serial_bayou_pond_d, serial_bayou_pond_c,
          serial_bayou_lake_a, serial_bayou_pond_c, serial_bayou_shore_a,
          minmay_surrounded
D:2:      layout_basic, grunt_ministairs_7, uniq_robin, uniq_crazy_yiuf_cottage
D:3:      cheibrodos_greedy_goblins, layout_basic, uniq_grinder, uniq_sigmund,
          uniq_natasha
D:4:      layout_basic, marbit_many_paths, minmay_temple_entry_overgrown
D:5:      layout_loops_corners
D:6:      layout_cave_pools, cheibrodos_ashenzari_chains,
          gammafunk_temple_overflow_elements
D:7:      layout_rooms, serial_shops, shop, uniq_prince_ribbit1
D:8:      wad_woods_minihive, layout_layer_cave, serial_bayou_pond_c
D:9:      layout_irregular_city, grunt_lair_entry_orc_guard_hut, enter_bailey_5,
          serial_shops, nicolae_shop_back_alley_shop, uniq_psyche
D:10:     layout_loops_ring, enter_trove_1, nicolae_nh_oracle_at_delphi,
          uniq_erolcha
Temple:   compressed_dpeg_circular_temple

Skill      XL: |  1  2  3  4  5  6  7  8  9 10 11 12 |
---------------+-------------------------------------+-----
Unarmed Combat | 4 5 7 8 9 10 | 10.3
Fighting       | 2 3 4 5 6 7 |  7.1
Dodging        | 3 4 5 6 7 |  7.3
Shapeshifting  | 4 5 6 7 10 | 10.7
Invocations    | 2 4 5 6 |  6.3
Throwing       | 5 |  5.0
Evocations     | |  0.1

Action                     |  1- 3 |  4- 6 |  7- 9 | 10-12 || total
---------------------------+-------+-------+-------+-------++-------
  Melee: Unarmed           |    69 |    81 |   239 |   277 ||   666
         Constrict         |    18 |    22 |    62 |    40 ||   142
         Tentacles         |    11 |    17 |    55 |    64 ||   147
         Punch             |     2 |     1 |    12 |    10 ||    25
  Throw: Boomerang         |       |       |       |    33 ||    33
         Dart              |       |       |       |    12 ||    12
    Use: Scroll            |       |       |     1 |     2 ||     3
         Potion            |       |       |     2 |     2 ||     4
   Stab: Sleeping          |     6 |     7 |     4 |     3 ||    20
         Paralysed         |       |       |     4 |    23 ||    27
         Distracted        |       |       |       |     1 ||     1
 Armour: Skin              |     3 |     2 |    18 |    64 ||    87
  Dodge: Dodged            |    33 |    34 |   145 |   224 ||   436
  Block: Other             |       |       |       |    25 ||    25
   Form: Beast             |       |       |       |     2 ||     2
         Flux              |       |       |       |     2 ||     2

Table legend: (Time is in decaauts)
 A = Elapsed time spent in this place.
 B = Non-inter-level travel time spent in this place.
 C = Inter-level travel time spent in this place.
 D = Time resting spent in this place.
 E = Time spent auto-exploring this place.
 F = Levels seen in this place.
 G = Mean time per level.
                   A        B        C        D        E       F      G
               +--------+--------+--------+--------+--------+-----+--------+
         Total |  10748 |  10513 |    235 |   2433 |   6072 |  12 |  895.7 |
       Dungeon |  10078 |   9864 |    214 |   2295 |   5886 |  10 | 1007.8 |
        Temple |     40 |     20 |     20 |      0 |      0 |   1 |   40.0 |
        Bailey |    629 |    629 |      0 |    138 |    186 |   1 |  629.0 |
               +--------+--------+--------+--------+--------+-----+--------+

Top non-repeatable levels by time:
     D:3: 1868 daAuts
     D:8: 1501 daAuts
     D:2: 1039 daAuts
     D:9: 962 daAuts
     D:6: 950 daAuts
     D:5: 861 daAuts
    D:10: 808 daAuts
     D:4: 767 daAuts
     D:7: 668 daAuts
     D:1: 651 daAuts
  Bailey: 629 daAuts
  Temple: 40 daAuts
